 Dungeon Crawl Stone Soup version 0.18.1-5-g4a78601 (webtiles) character file.

17193 oplop the Epochal (level 12, -13/98 HPs)
             Began as an Octopode Transmuter on May 9, 2016.
             Was an Elder of Cheibriados.
             Mangled by a yaktaur captain (20 damage)
             ... on level 13 of the Dungeon.
             The game lasted 00:39:27 (12093 turns).

oplop the Epochal (Octopode Transmuter)            Turns: 12093, Time: 00:39:28

Health: -13/98     AC:  8    Str: 20    XL:     12   Next: 45%
Magic:  4/18       EV: 20    Int: 27    God:    Cheibriados [****..]
Gold:   1000       SH:  0    Dex: 23    Spells: 5 memorised, 8 levels left

rFire  x . .     SeeInvis +       - Unarmed
rCold  + + +     Gourm    +     (shield currently unavailable)
rNeg   + . .     Faith    .     (helmet currently unavailable)
rPois  +         Spirit   .     n - amulet of the gourmand
rElec  .         Dismiss  .     o - ring of positive energy
rCorr  .         Reflect  .     m - ring of stealth
SustAt .         Harm     .     w - ring of see invisible
MR     .....                    (no ring)
Stlth  +++.......               (no ring)
                                (no ring)
                                (no ring)
                                (no ring)

@: ice-form (expiring), very slightly contaminated, very slow, not resistant to
hostile enchantments, fairly stealthy
A: almost no armour, amphibious, 8 rings, (constrict 8), (tentacle spike 0),
repulsion field 1, (thin metallic scales 0), (camouflage 0), see invisible,
dopey 1, low mp 1, regeneration 1, wild magic 1, (gelatinous body 0)
a: End Transformation, Bend Time, Temporal Distortion, Slouch, Renounce Religion


You were on level 13 of the Dungeon.
You worshipped Cheibriados.
Cheibriados was greatly pleased with you.
You were very full.
You were a creature of crystalline ice.
You visited 1 branch of the dungeon, and saw 13 of its levels.
You also visited: Bailey.

You collected 1000 gold pieces.

Inventory:

Missiles
 a - 151 arrows
 f - 50 tomahawks of returning (quivered)
Jewellery
 h - an uncursed ring of fire
 m - a ring of stealth (right front paw)
 n - an amulet of the gourmand (around neck)
 o - a ring of positive energy (left front paw)
 w - a ring of see invisible (on tentacle)
Wands
 y - a wand of digging (18/24)
 A - a wand of flame (13/48)
 C - a wand of iceblast (4/15)
 E - a wand of iceblast (7/15)
 I - a wand of polymorph (12/24)
 K - a wand of iceblast (7/15)
 R - a wand of disintegration (7/24)
Scrolls
 d - 4 scrolls of noise
 e - 6 scrolls of enchant armour
 g - 3 scrolls of enchant weapon
 q - 5 scrolls of remove curse
 r - 5 scrolls of teleportation
 v - a scroll of vulnerability
 B - 2 scrolls of blinking
 G - 3 scrolls of recharging
 J - a scroll of identify
Potions
 k - 2 potions of cancellation
 p - 4 potions of brilliance
 t - a potion of might
 z - a potion of flight
 M - a potion of agility
 N - a potion of lignification
 P - a potion of ambrosia {unknown}
 Q - a potion of heal wounds
Books
 b - a book of Changes

   Spells                             Type                      Level
   a - Beastly Appendage              Transmutation                1
   b - Sticks to Snakes               Transmutation                2
   c - Spider Form                    Transmutation/Poison         3
   d - Ice Form                       Ice/Transmutation            4
   e - Blade Hands                    Transmutation                5
 u - a book of Beasts

   Spells                             Type                      Level
   a - Summon Butterflies             Summoning                    1
   b - Call Canine Familiar           Summoning                    3
   c - Summon Ice Beast               Ice/Summoning                4
   d - Summon Mana Viper              Hexes/Summoning              5
   e - Summon Hydra                   Summoning                    7
 F - a book of the Tempests

   Spells                             Type                      Level
   a - Static Discharge               Conjuration/Air              3
   b - Lightning Bolt                 Conjuration/Air              5
   c - Fireball                       Conjuration/Fire             5
   d - Tornado                        Air                          9
   e - Shatter                        Earth                        9
 L - a book of Cantrips

   Spells                             Type                      Level
   a - Corona                         Hexes                        1
   b - Animate Skeleton               Necromancy                   1
   c - Summon Small Mammal            Summoning                    1
   d - Apportation                    Translocation                1
 O - the Volume of Moulding and Boosts
   (You found it in a bailey)

   Spells                             Type                      Level
   a - Infusion                       Charms                       1
   b - Song of Slaying                Charms                       2
   c - Shroud of Golubria             Charms/Translocation         2
   d - Ignite Poison                  Fire/Transmutation/Poison    3
   e - Alistair's Intoxication        Transmutation/Poison         5
   f - Ring of Flames                 Charms/Fire                  7
Miscellaneous
 s - an ornate deck of defence
Comestibles
 c - 14 bread rations
 i - 9 slices of pizza
 j - 7 meat rations
 l - 4 fruits
 D - 3 beef jerkies


   Skills:
 + Level 7.7 Fighting
 + Level 8.4 Dodging
 + Level 8.3 Unarmed Combat
 - Level 6.0 Spellcasting
 + Level 9.2 Transmutations
 - Level 4.0 Ice Magic
 + Level 10.2 Invocations


You had 8 spell levels left.
You knew the following spells:

 Your Spells              Type           Power        Failure   Level  Hunger
a - Beastly Appendage     Trmt           ######       1%          1    None
b - Sticks to Snakes      Trmt           ######..     1%          2    None
c - Spider Form           Trmt/Pois      #####.....   4%          3    None
d - Ice Form              Ice/Trmt       ######..     8%          4    ###....
e - Blade Hands           Trmt           ######....   8%          5    #####..


Dungeon Overview and Level Annotations

Branches:
Dungeon (13/15)            Temple (0/1) D:4            Lair (0/8) D:9
    Orc (0/2) D:10
 Vaults: D:13-14

Altars:
Cheibriados
Dithmenos
Fedhas
Okawaru
Qazlal
Trog
Vehumet
Yredelemnul

Shops:
D:9 (   D:10 [

Annotations:
D:6 exclusions: door and electric eel
D:12 Rupert


Innate Abilities, Weirdness & Mutations

You cannot wear most types of armour.
You are amphibious.
You can wear up to eight rings at the same time.
((You can use your tentacles to constrict eight enemies at once.))
((Your skin changes colour to match your surroundings (Stealth).))
((Your rubbery body absorbs attacks (AC +1).))
((One of your tentacles bears a spike.))
You are surrounded by a mild repulsion field (EV +2).
((You are mostly covered in thin metallic scales (AC +3).))
You have supernaturally acute eyesight.
You are dopey. (Int -2)
Your magical capacity is low (-10% MP).
Your natural rate of healing is unusually fast.
Your spells are a little harder to cast, but a little more powerful.


Message History

* * * LOW HITPOINT WARNING * * *
The polar bear misses you. The polar bear closely misses you.
The ice beast hits you.
* * * LOW HITPOINT WARNING * * *
The ice beast freezes you. You resist.
* * * LOW HITPOINT WARNING * * *
A basilisk comes into view.
Unknown command.
Unknown command.
Read which item? (? for menu, Esc to quit)
Blink to where?
Press: ? - help, Dir - move target cursor You are very lightly contaminated with residual magic.
As you read the scroll of blinking, it crumbles to dust.
A freezing wraith comes into view.
Unknown command.
Unknown command.
Your surroundings suddenly seem different.
The yaktaur captain hits you!!
You die...

######.####
#####.(....#
#...(((....#
#...#(#.#..#
#..)(.)....#
#..K###.#.#####
#...). #).......
#......#.#......
#.#.....Yc......
...#...K.........
###
#.............
#.............
####..........
#.########+ #. #.


You could see a yaktaur captain and 2 kobolds.

Vanquished Creatures
  Harold (D:12)
  Erolcha (D:8)
  The ghost of mopl the Destroyer, a novice DECj of Vehumet (D:8)
  2 unseen horrors
  A hill giant (D:12)
  2 orc knights
  An ugly thing (D:11)
  A manticore (D:12)
  2 cyclopes
  A komodo dragon (D:9)
  2 centaur skeletons
  A yaktaur (D:13)
  A troll (D:10)
  A two-headed ogre (D:9)
  A wyvern (D:9)
  A human (D:7)
  4 yaks
  A hog (D:7)
  A hippogriff (D:9)
  2 steam dragons (D:6)
  Grum (D:9)
  A vampire mosquito (D:9)
  Menkaure (D:8)
  A water moccasin (D:9)
  3 ice beasts
  4 phantoms
  4 sky beasts
  A necrophage (D:10)
  6 orc warriors
  An eye of draining (D:8)
  3 ogres (D:9)
  4 wolves (D:9)
  9 centaurs
  A crocodile (D:9)
  A big kobold (D:13)
  8 giant frogs
  4 scorpions
  A wyvern skeleton (D:9)
  A wasp zombie (D:5)
  2 centaur zombies
  7 crimson imps
  A quasit (D:9)
  2 jellies
  A giant frog skeleton (D:4)
  3 orc priests
  5 hounds
  7 orc wizards
  Ijyb (D:3)
  Natasha (twice) (D:4)
  Terence (D:2)
  An iguana (D:8)
  4 worker ants
  4 sheep
  3 worker ant zombies
  10 gnolls
  15 adders
  3 shadow imps
  2 white imps (D:13)
  An ufetubus (D:13)
  An ooze (D:4)
  An adder zombie (D:4)
  An adder skeleton (D:5)
  5 worms
  6 giant geckos
  51 orcs
  6 giant cockroaches
  16 goblins
  10 hobgoblins
  2 jackals (D:2)
  30 kobolds
  4 quokkas
  3 ball pythons
  8 bats
  5 giant newts
  4 rats
311 creatures vanquished.

Vanquished Creatures (collateral kills)
  An orc warlord (Bailey)
  3 hill giants
  An ugly thing (D:12)
  2 trolls (D:12)
  A yak (D:11)
  A sky beast (D:8)
  2 orc warriors (D:10)
  A phantom (D:8)
  5 ogres
  A scorpion (D:9)
  A centaur zombie (D:10)
  A quasit (D:10)
  3 orc wizards
  A hound skeleton (D:9)
  A worker ant zombie (D:9)
  5 gnolls
  An adder skeleton (D:9)
  14 orcs
45 creatures vanquished.

Vanquished Creatures (others)
  A giant gecko (D:11)
  An orc (D:12)
2 creatures vanquished.

Grand Total: 358 creatures vanquished

Notes
Turn   | Place    | Note
--------------------------------------------------------------
     0 | D:1      | oplop the Octopode Transmuter began the quest for the Orb.
     0 | D:1      | Reached XP level 1. HP: 13/13 MP: 3/3
    33 | D:1      | Reached XP level 2. HP: 11/18 MP: 3/5
   833 | D:2      | Reached XP level 3. HP: 18/23 MP: 4/6
  1248 | D:2      | Learned a level 2 spell: Sticks to Snakes
  1252 | D:2      | Learned a level 3 spell: Spider Form
  1386 | D:2      | Reached XP level 4. HP: 29/29 MP: 4/7
  1532 | D:2      | Noticed Terence
  1543 | D:2      | Killed Terence
  1795 | D:2      | Found a snail-covered altar of Cheibriados.
  1946 | D:2      | Became a worshipper of Cheibriados the Contemplative
  2070 | D:2      | Reached XP level 5. HP: 34/34 MP: 4/8
  2216 | D:3      | Found a blossoming altar of Fedhas.
  2248 | D:3      | Noticed Ijyb
  2261 | D:3      | Killed Ijyb
  2261 | D:3      | Reached skill level 1 in Invocations
  2403 | D:3      | Reached * piety under Cheibriados
  2870 | D:3      | Gained mutation: You evolve. [potion of mutation]
  2870 | D:3      | Lost mutation: You evolve. [potion of mutation]
  2870 | D:3      | Gained mutation: Your magical capacity is low (-10% MP). [potion of mutation]
  2871 | D:3      | Gained mutation: You are partially covered in thin metallic scales (AC +2). [potion of mutation]
  2871 | D:3      | Gained mutation: You are dopey. (Int -2) [potion of mutation]
  2871 | D:3      | Gained mutation: Your spells are a little harder to cast, but a little more powerful. [potion of mutation]
  2872 | D:3      | Gained mutation: You are surrounded by a mild repulsion field (EV +2). [potion of mutation]
  2872 | D:3      | Gained mutation: One of your tentacles bears a spike. [potion of mutation]
  2872 | D:3      | Gained mutation: You have supernaturally acute eyesight. [potion of mutation]
  3189 | D:3      | Reached XP level 6. HP: 34/39 MP: 6/9
  3197 | D:3      | Reached ** piety under Cheibriados
  3338 | D:4      | Noticed Natasha
  3346 | D:4      | Killed Natasha
  3369 | D:4      | Learned a level 4 spell: Ice Form
  3422 | D:4      | Found a bloodstained altar of Trog.
  3604 | D:4      | Found a staircase to the Ecumenical Temple.
  3673 | D:4      | Reached skill level 2 in Invocations
  3708 | D:4      | Noticed Natasha
  3711 | D:4      | Killed Natasha
  3834 | D:4      | Found a shadowy altar of Dithmenos.
  3844 | D:4      | Reached XP level 7. HP: 45/45 MP: 10/10
  3943 | D:5      | Entered Level 5 of the Dungeon
  4012 | D:5      | Found a bloodstained altar of Trog.
  4035 | D:5      | Found a stormy altar of Qazlal.
  4042 | D:5      | Found a basalt altar of Yredelemnul.
  4383 | D:5      | Reached *** piety under Cheibriados
  4452 | D:5      | Reached skill level 3 in Invocations
  4530 | D:5      | Reached skill level 1 in Ice Magic
  4767 | D:6      | Reached XP level 8. HP: 49/52 MP: 2/11
  4919 | D:6      | Noticed Menkaure
  4936 | D:6      | Reached skill level 5 in Transmutations
  5143 | D:6      | Found a radiant altar of Vehumet.
  5330 | D:6      | Reached skill level 4 in Invocations
  5947 | D:6      | Reached **** piety under Cheibriados
  6306 | D:7      | Reached XP level 9. HP: 30/58 MP: 8/13
  6490 | D:7      | Reached skill level 5 in Invocations
  6766 | D:7      | Reached skill level 5 in Unarmed Combat
  7012 | D:7      | Reached ***** piety under Cheibriados
  7046 | D:8      | Noticed a hill giant
  7073 | D:8      | Noticed mopl's ghost (novice DECj)
  7090 | D:8      | Killed mopl's ghost
  7090 | D:8      | Reached skill level 5 in Dodging
  7090 | D:8      | Reached skill level 6 in Invocations
  7508 | D:8      | Noticed Erolcha
  7508 | D:8      | Killed Menkaure
  7532 | D:8      | Killed Erolcha
  7532 | D:8      | Reached XP level 10. HP: 65/65 MP: 6/15
  7548 | D:8      | Reached skill level 5 in Spellcasting
  7548 | D:8      | Reached skill level 7 in Invocations
  7558 | D:8      | Killed a hill giant
  7558 | D:8      | Reached skill level 5 in Fighting
  7716 | D:8      | You fall through a shaft!
  8162 | D:9      | Reached skill level 8 in Invocations
  8321 | D:9      | Found Ezan's Weapon Emporium.
  8462 | D:9      | Found a staircase to the Lair.
  8600 | D:9      | Noticed Grum
  8612 | D:9      | Killed Grum
  8616 | D:9      | Reached XP level 11. HP: 43/72 MP: 17/17
  8653 | D:9      | Found an iron altar of Okawaru.
  8776 | D:10     | Entered Level 10 of the Dungeon
  8855 | D:10     | Noticed an unseen horror
  8870 | D:10     | Killed an unseen horror
  9013 | D:10     | Noticed a hill giant
  9119 | D:10     | Found a staircase to the Orcish Mines.
  9148 | D:10     | Noticed an orc knight
  9223 | D:10     | Learned a level 5 spell: Blade Hands
  9304 | D:10     | Found Veamiy's Armour Shoppe.
  9370 | D:10     | Reached skill level 9 in Invocations
  9471 | D:10     | Killed an orc knight
  9920 | D:11     | Noticed a cyclops
 10086 | D:11     | Noticed a purple ugly thing
 10101 | D:11     | Killed a purple ugly thing
 10523 | D:11     | Noticed a hill giant
 10529 | D:11     | Killed a hill giant
 10544 | D:11     | Noticed a cyclops
 10552 | D:11     | Killed a cyclops
 10917 | D:12     | Noticed a manticore
 10928 | D:12     | Killed a manticore
 10953 | D:12     | Noticed a hill giant
 10963 | D:12     | Noticed an unseen horror
 10965 | D:12     | Killed a hill giant
 10966 | D:12     | Noticed Harold
 10967 | D:12     | Killed an unseen horror
 10981 | D:12     | Reached XP level 12. HP: 49/81 MP: 2/18
 11003 | D:12     | Killed Harold
 11120 | D:12     | Found a flagged portal.
 11125 | Bailey   | Entered a bailey
 11143 | Bailey   | Noticed an orc warlord
 11379 | Bailey   | Found a runed gate.
 11381 | Bailey   | Found a runed gate.
 11389 | Bailey   | Found a runed gate.
 11543 | Bailey   | Killed an orc warlord
 11543 | Bailey   | Reached skill level 10 in Invocations
 11558 | Bailey   | Gained mutation: You are mostly covered in thin metallic scales (AC +3). [potion of beneficial mutation]
 11576 | Bailey   | Gained mutation: Your natural rate of healing is unusually fast. [potion of beneficial mutation]
 11578 | Bailey   | Identified the Volume of Moulding and Boosts
 12002 | D:12     | Noticed Rupert
 12069 | D:13     | Noticed a yaktaur captain
 12093 | D:13     | Mangled by a yaktaur captain

Skill      XL: |  1  2  3  4  5  6  7  8  9 10 11 12 |
---------------+-------------------------------------+-----
Transmutations | 3 4 5 7 8 9 |  9.2
Fighting       | 2 3 4 5 7 |  7.7
Dodging        | 3 4 5 6 7 8 |  8.4
Invocations    | 1 2 3 4 6 8 9 10 | 10.2
Spellcasting   | 3 4 5 6 |  6.0
Unarmed Combat | 4 5 6 7 8 |  8.3
Ice Magic      | 1 3 4 |  4.0

Action                   |  1- 3 |  4- 6 |  7- 9 | 10-12 || total
-------------------------+-------+-------+-------+-------++-------
Melee: Unarmed           |    80 |   170 |   291 |   414 ||   955
       Kick              |    20 |    28 |    29 |    20 ||    97
       Constrict         |    14 |    30 |    14 |    13 ||    71
       Tentacles         |     5 |    25 |    25 |    19 ||    74
       Punch             |     3 |     4 |     3 |     7 ||    17
Throw: Tomahawk          |       |       |       |     3 ||     3
 Cast: Beastly Appendage |    22 |     6 |       |       ||    28
       Spider Form       |     3 |    17 |    22 |    25 ||    67
       Sticks to Snakes  |       |     1 |    15 |    47 ||    63
       Ice Form          |       |       |     3 |    21 ||    24
Invok: Bend Time         |       |       |     3 |     4 ||     7
       Slouch            |       |       |       |     7 ||     7
       Temporal Distorti |       |       |       |     2 ||     2
       Step From Time    |       |       |       |     2 ||     2
 Abil: End Transformatio |       |       |       |     4 ||     4
Evoke: Wand              |       |       |       |     3 ||     3
  Use: Potion            |       |     4 |     3 |     5 ||    12
       Scroll            |       |     5 |     7 |    19 ||    31
 Stab: Sleeping          |     3 |     3 |     1 |     3 ||    10
       Distracted        |       |     1 |     2 |     6 ||     9
  Eat: Chunk             |     2 |     8 |    15 |    12 ||    37
       Beef jerky        |       |     1 |     2 |       ||     3
Armor: Skin              |     6 |    17 |    17 |    44 ||    84
Dodge: Dodged            |    59 |   125 |   275 |   467 ||   926
